 Dungeon Crawl Stone Soup version 0.16-a0-2038-g968ce0a (webtiles) character file.

3049 Fiveotanaka the Severer (level 9, -8/71 HPs)
             Began as a Minotaur Fighter on Nov 11, 2014.
             Was a Priest of Qazlal.
             Mangled by Gastronok (26 damage)
             ... on level 8 of the Dungeon.
             The game lasted 00:20:11 (6758 turns).

Fiveotanaka the Severer (Minotaur Fighter)          Turns: 6758, Time: 00:20:11

Health: -8/71      AC: 12    Str: 17    XL:     9   Next: 57%
Magic:  3/3        EV:  8    Int:  5    God:    Qazlal [***...]
Gold:   483        SH: 13    Dex: 13    Spells: 0 memorised, 8 levels left

rFire  . . .     SeeInvis .     a - +0 war axe
rCold  . . .     Clarity  .     b - +0 scale mail
rNeg   + + .     SustAb   .     c - +0 shield (curse)
rPois  .         Gourm    .     (helmet restricted)
rElec  .         Spirit   .     f - +2 cloak
rCorr  .         Warding  +     m - +0 pair of gloves (curse)
rMut   .         Stasis   .     w - +0 pair of boots
MR     .....                    C - amulet of warding (curse)
Stlth  ..........               (no ring)
                                B - ring of positive energy

@: slowed, very slow, not resistant to hostile enchantments, extremely
unstealthy
A: retaliatory headbutt, horns 2, repulsion field 1, low mp 1, weak 2
a: Upheaval, Elemental Force, Renounce Religion


You were on level 8 of the Dungeon.
You worshipped Qazlal.
Qazlal was most pleased with you.
You were not hungry.

You visited 2 branches of the dungeon, and saw 9 of its levels.
You also visited: Ossuary.

You collected 483 gold pieces.

Inventory:

Hand weapons
 a - a +0 war axe (weapon)
Armour
 b - a +0 scale mail (worn)
 c - a cursed +0 shield (worn)
 f - a +2 cloak (worn)
 m - a cursed +0 pair of gloves (worn)
 w - a +0 pair of boots (worn)
Jewellery
 B - a ring of positive energy (left hand)
 C - a cursed amulet of warding (around neck)
Magical devices
 x - a wand of lightning (4)
 M - a wand of flame (34)
Scrolls
 k - 2 scrolls of teleportation
 o - 2 scrolls of fog {unknown}
 s - 2 scrolls of recharging
 t - 2 scrolls of enchant armour
 u - a scroll of immolation {unknown}
 v - 2 scrolls of random uselessness {unknown}
 y - 2 scrolls of amnesia {unknown}
 G - 2 scrolls of magic mapping
 H - a scroll of remove curse {unknown}
 I - 2 scrolls of fear {unknown}
 J - 2 scrolls of blinking {unknown}
 L - 2 scrolls of holy word {unknown}
 O - a scroll of identify
Potions
 e - a potion of might
 g - a potion of brilliance {unknown}
 i - a potion of mutation {unknown}
 l - 2 potions of restore abilities
 p - 4 potions of curing
 r - a potion of haste
 D - a potion of invisibility {unknown}
 E - 3 potions of flight
 F - a potion of berserk rage {unknown}
 K - a potion of porridge
 N - a potion of agility {unknown}
Comestibles
 d - 7 bread rations
 j - 3 beef jerkies
 n - a royal jelly
 q - 8 slices of pizza
 z - 9 fruits
 A - 3 meat rations


   Skills:
 - Level 4.0 Fighting
 + Level 15.1 Axes
 - Level 3.7 Armour
 - Level 3.6 Shields


You had 8 spell levels left.
You didn't know any spells.

Dungeon Overview and Level Annotations

Branches:
Dungeon (8/15)             Temple (1/1) D:4
   Lair: D:8-11

Altars:
Ashenzari
Cheibriados
Elyvilon
Fedhas
Gozag
Kikubaaqudgha
Makhleb
Nemelex Xobeh
Okawaru
Qazlal
Ru
Sif Muna
Trog
Vehumet
Xom
Yredelemnul
Zin
The Shining One

Annotations:
D:8 Gastronok


Innate Abilities, Weirdness & Mutations

You reflexively headbutt those who attack you in melee.
You have a pair of horns on your head.
You are surrounded by a mild repulsion field (EV +2).
Your magical capacity is low (-10% MP).
You are very weak. (Str -4)


Message History

Qazlal accepts your kill.
Your Axes skill increases to level 15!
You block Gastronok's attack.
Drink which item? (? for menu, Esc to quit)
You feel much better. Gastronok casts a spell at you.
You barely resist. You hit Gastronok but do no damage.
Gastronok is almost dead.
You hit Gastronok.
You headbutt Gastronok, but do no damage.
Gastronok is almost dead.
Gastronok bites you!!
* * * LOW HITPOINT WARNING * * *
You slash Gastronok!
Gastronok is almost dead.
You hit Gastronok.
Gastronok is almost dead.
Gastronok bites you!!
You die...

... .........
...........
.............
................
.................
..................
.......§............
#....@§..........
##...§w..........
###....†[)........
...................
.....##.[..........
....# ###.........
#.. ###....... .#
#...... .....


You could see Gastronok.

Vanquished Creatures
  A yak (D:7)
  A hill giant zombie (D:8)
  A human (D:7)
  A hungry ghost (D:7)
  Edmund (D:6)
  An orc warrior (D:5)
  An ice beast (D:5)
  3 sky beasts
  A yellow wasp (D:7)
  A centaur (D:7)
  3 ogres
  Sigmund (D:2)
  2 giant frogs (D:6)
  A scorpion (D:6)
  3 crimson imps
  A centaur zombie (D:5)
  A quasit (D:6)
  2 human zombies (Ossuary)
  6 worker ants
  An orc priest (D:5)
  4 hounds
  A gnoll shaman (D:5)
  4 orc wizards
  A two-headed ogre skeleton (D:8)
  2 iguanas
  3 sheep (D:7)
  Ijyb (D:7)
  2 big kobold zombies (Ossuary)
  A hound zombie (Ossuary)
  4 mummies (Ossuary)
  7 adders
  9 gnolls
  A giant mite (D:3)
  2 orc skeletons (D:5)
  4 worms
  An ooze (D:2)
  16 orcs
  2 ball pythons
  12 bats
  A bat zombie (D:7)
  6 giant cockroaches
  11 hobgoblins
  14 jackals
  7 kobolds
  2 quokkas
  5 giant geckos
  A giant gecko skeleton (D:5)
  5 giant newts
  A giant spore (D:7)
  A gnoll zombie (Ossuary)
  19 goblins
  A goblin zombie (Ossuary)
  A hobgoblin zombie (Ossuary)
  A kobold zombie (Ossuary)
  2 orc zombies (Ossuary)
  16 rats
  A rat skeleton (D:6)
  A rat zombie (Ossuary)
  A ballistomycete (D:7)
207 creatures vanquished.

Notes
Turn   | Place    | Note
--------------------------------------------------------------
     0 | D:1      | Fiveotanaka, the Minotaur Fighter, began the quest for the Orb.
     0 | D:1      | Reached XP level 1. HP: 19/19 MP: 1/1
    70 | D:1      | Reached skill level 4 in Fighting
    94 | D:1      | Reached XP level 2. HP: 27/27 MP: 1/1
   655 | D:2      | Reached XP level 3. HP: 33/33 MP: 2/2
   694 | D:2      | Reached XP level 4. HP: 40/40 MP: 2/2
   802 | D:2      | Noticed Sigmund
   809 | D:2      | Killed Sigmund
   809 | D:2      | Reached skill level 6 in Axes
   809 | D:2      | Reached XP level 5. HP: 39/46 MP: 0/2
  1536 | D:3      | Found a shattered altar of Ashenzari.
  1623 | D:3      | Found a blossoming altar of Fedhas.
  1873 | D:3      | Reached skill level 7 in Axes
  2450 | D:4      | Found a staircase to the Ecumenical Temple.
  2466 | D:4      | Noticed an ogre
  2476 | D:4      | Killed an ogre
  2476 | D:4      | Reached XP level 6. HP: 32/52 MP: 3/3
  2820 | D:4      | Found a sand-covered staircase.
  2825 | Ossuary  | Entered an ossuary
  2831 | Ossuary  | Reached skill level 8 in Axes
  2966 | Ossuary  | Reached skill level 9 in Axes
  2966 | Ossuary  | Reached XP level 7. HP: 57/59 MP: 3/3
  3085 | D:4      | Found a white marble altar of Elyvilon.
  3112 | Temple   | Entered the Ecumenical Temple
  3309 | Temple   | Became a worshipper of Qazlal Stormbringer
  3785 | D:5      | Entered Level 5 of the Dungeon
  3815 | D:5      | Found a radiant altar of Vehumet.
  3816 | D:5      | Found a glowing golden altar of the Shining One.
  3816 | D:5      | Found a shimmering altar of Xom.
  4016 | D:5      | Reached skill level 10 in Axes
  4039 | D:5      | Gained mutation: You are surrounded by a mild repulsion field (EV +2). [mutagenic meat]
  4040 | D:5      | Gained mutation: You are weak. (Str -2) [mutagenic meat]
  4086 | D:5      | Acquired Qazlal's first power
  4334 | D:5      | Reached skill level 11 in Axes
  4334 | D:5      | Reached XP level 8. HP: 61/66 MP: 3/3
  4694 | D:6      | Found a sparkling altar of Nemelex Xobeh.
  4850 | D:6      | Reached skill level 12 in Axes
  4943 | D:6      | Noticed Edmund
  4947 | D:6      | Killed Edmund
  5497 | D:7      | Acquired Qazlal's second power
  5526 | D:7      | Found a staircase to the Ecumenical Temple.
  5533 | D:7      | Reached skill level 13 in Axes
  5954 | D:7      | Reached XP level 9. HP: 71/71 MP: 4/4
  6017 | D:7      | Gained mutation: You are very weak. (Str -4) [mutagenic meat]
  6018 | D:7      | Gained mutation: Your magical capacity is low (-10% MP). [mutagenic meat]
  6090 | D:7      | Reached skill level 14 in Axes
  6134 | D:7      | Found a basalt altar of Yredelemnul.
  6461 | D:7      | Noticed Ijyb
  6487 | D:7      | Killed Ijyb
  6508 | D:7      | Acquired Qazlal's third power
  6733 | D:8      | Noticed Gastronok
  6753 | D:8      | Reached skill level 15 in Axes
  6758 | D:8      | Mangled by Gastronok

Action                   |  1- 3 |  4- 6 |  7- 9 || total
-------------------------+-------+-------+-------++-------
Melee: War axe           |    58 |   192 |   359 ||   609
  Use: Scroll            |       |       |     9 ||     9
       Potion            |       |       |     2 ||     2
  Eat: Chunk             |       |     6 |    12 ||    18
       Meat ration       |       |       |     1 ||     1
       Beef jerky        |       |       |     1 ||     1
